 Dungeon Crawl Stone Soup version 0.31-a0-232-gb1c03b2570 (webtiles) character file.

Game seed: 17073230231328103719

91 qw the Shooter (level 4, -1/26 HPs)
             Began as a Gargoyle Hexslinger on July 7, 2023.
             Slain by an orc
             ... wielding a +0 hand axe
              (4 damage)
             ... on level 3 of the Dungeon.
             The game lasted 00:00:42 (1855 turns).

qw the Shooter (Gargoyle Hexslinger)                Turns: 1855, Time: 00:00:42

Health: -1/26      AC:  8    Str: 12    XL:     4   Next: 57%
Magic:  5/5        EV: 10    Int: 13    God:
Gold:   95         SH:  0    Dex: 14    Spells: 4/5 levels left

rFire   . . .        Y - +1 sling
rCold   . . .        (no shield)
rNeg    + . .        a - +0 ring mail
rPois   inf          (no helmet)
rElec   +            (no cloak)
rCorr   .            (no gloves)
SInv    .            (no boots)
Will    .....        (no amulet)
Stlth   +            (no ring)
HPRegen 0.24/turn    (no ring)
MPRegen 0.09/turn

%: no passive effects
@: weak-willed
A: sickness immunity, AC +3, negative energy resistance 1, electricity
resistance, torment resistance 1, petrification resistance
a: no special abilities


You were on level 3 of the Dungeon.
You visited 1 branch of the dungeon, and saw 3 of its levels.

You collected 95 gold pieces.


Innate Abilities, Weirdness & Mutations

You are immune to sickness and miasma.
Your stone body is resilient. (AC +3)
You are immune to poison.
You resist negative energy. (rN+)
You are resistant to electric shocks. (rElec)
You are resistant to unholy torment.
You are immune to petrification.


   Skills:
 - Level 2.0 Fighting
 - Level 4.3 Ranged Weapons
 + Level 0.0 Armour
 - Level 1.5 Dodging
 - Level 1.0 Spellcasting
 - Level 2.6 Hexes


You had 4 spell levels left.
You knew the following spells:

 Your Spells              Type           Power      Damage    Failure   Level
a - Slow                  Hex            28%        N/A       22%         1

Your spell library contained the following spells:

 Spells                   Type           Power      Damage    Failure   Level
 Inner Flame              Hex/Fire       4%         N/A       73%         3
 Portal Projectile        Hex/Tloc       8%         N/A       73%         3
 Cause Fear               Hex            3%         N/A       91%         4

Inventory:

Hand Weapons
 Y - a +1 sling (weapon)
Armour
 a - a +0 ring mail (worn)
Potions
 d - a potion of enlightenment {unknown}
 f - a potion of might

Dungeon Overview and Level Annotations

Branches:
Dungeon (3/15)

Altars:

Annotations:
D:1 exclusion: 6 gnolls
D:2 1 runed translucent door, Crazy Yiuf
D:3 Natasha


Message History

The roots erupt in riotous growth!
The grasping roots grab you!
Ijyb is unaffected.
The grasping roots constrict you.
You hear a shout!
1849 ||| DRINKING potion of heal wounds.
You feel much better. Natasha casts a spell at you. The magic dart hits you.
Ijyb screams, "Die!"
Ijyb hits you with a +0 dagger. The grasping roots constrict you.
The grasping roots release their grip on you.
You shoot a sling bullet. The sling bullet barely misses Ijyb.
Natasha mumbles some strange words.
Ijyb hits you but does no damage.
You shoot a sling bullet. The sling bullet hits Ijyb.
Ijyb is heavily wounded.
Ijyb hits you with a +0 dagger.
You shoot a sling bullet. The sling bullet hits Ijyb.
Ijyb is heavily wounded.
Natasha mewls in sadness.
Ijyb zaps a wand.
The roots erupt in riotous growth!
The grasping roots grab you!
The orc is unaffected.
Ijyb is unaffected.
The grasping roots constrict you. The orc hits you with a +0 hand axe.
Ijyb barely misses you. The grasping roots constrict you.
You hear a shout!
You shoot a sling bullet. The sling bullet hits Ijyb.
Ijyb is severely wounded.
The orc barely misses you. Ijyb hits you but does no damage.
The grasping roots constrict you.
You shoot a sling bullet. The sling bullet misses Ijyb.
The cerulean imp barely misses you. The orc barely misses you.
Ijyb screams, "You nasty!
Big nasty!"
Ijyb hits you but does no damage. The grasping roots constrict you.
You shoot a sling bullet. The sling bullet hits Ijyb!
You kill Ijyb!
Natasha claws you but does no damage.
The cerulean imp hits you from afar with a +1 spear.
The orc hits you with a +0 hand axe.
You die...

...........#
..?...#....#
........#.#
...<......#
.......<.###
~..........####
~~......#5....#####
~~........o........
#~~..#....h@.......
#~~.##......).....#
..~.............#.#
..~.........?...!..
~.......#....#...
~~....>....... ..
~............. .
..............


You could see Natasha, a cerulean imp (summoned) and an orc.

Vanquished Creatures
  Ijyb (D:3)
  A gnoll (D:1)
  4 adders (D:2)
  A worm (D:2)
  2 dart slugs (D:2)
  An orc (D:2)
  4 bats
  5 endoplasms
  3 giant cockroaches
  4 goblins
  A hobgoblin (D:2)
  3 kobolds (D:2)
  A quokka (D:2)
  2 ball pythons
  2 frilled lizards (D:2)
  3 rats
38 creatures vanquished.

Notes
Turn   | Place    | Note
-------+----------+-------------------------------------------
     0 | D:1      | qw the Gargoyle Hexslinger began the quest for the Orb.
     0 | D:1      | Reached XP level 1. HP: 12/12 MP: 2/2
     0 | D:1      | 0 ||| qw: Version: 0.3-a-46-gb1f654a
     0 | D:1      | 0 ||| qw: Game counter: 2850
     0 | D:1      | 0 ||| qw: Melee chars always use a shield: true
     0 | D:1      | 0 ||| qw: God list: Okawaru
     0 | D:1      | 0 ||| qw: Allow faded altars: false
     0 | D:1      | 0 ||| qw: Do Orc after clearing Dungeon:15 true
     0 | D:1      | 0 ||| qw: Do second Lair branch before Depths: true
     0 | D:1      | 0 ||| qw: Lair rune preference: random
     0 | D:1      | 0 ||| qw: Goals: Normal
     0 | D:1      | 0 ||| PLANNING D:1-11
    27 | D:1      | 27 ||| DROPPING scroll of poison.
    42 | D:1      | Reached XP level 2. HP: 6/16 MP: 3/3
    44 | D:1      | HP: 4/16 [goblin/+0 dagger (1)]
    46 | D:1      | Reached skill level 3 in Ranged Weapons
   752 | D:1      | 752 ||| READING scroll labelled ENGEREKKUT.
   753 | D:1      | 753 ||| READING scroll labelled BAMIERU FUUSTU.
   754 | D:1      | 754 ||| READING scroll labelled NIPSOKKORU.
   755 | D:1      | 755 ||| DRINKING 2 black potions.
   824 | D:2      | Reached XP level 3. HP: 21/21 MP: 4/4
   848 | D:2      | HP: 2/21 [worm (6)]
   852 | D:2      | 852 ||| FLEEEEING.
   854 | D:2      | 854 ||| FLEEEEING.
   855 | D:2      | 855 ||| FLEEEEING.
   857 | D:2      | 857 ||| FLEEEEING.
   858 | D:2      | 858 ||| FLEEEEING.
   859 | D:2      | 859 ||| FLEEEEING.
   860 | D:2      | 860 ||| FLEEEEING.
   861 | D:2      | 861 ||| FLEEEEING.
   863 | D:2      | 863 ||| FLEEEEING.
   864 | D:2      | 864 ||| STAIRDANCE
   932 | D:2      | 932 ||| STAIRDANCE
  1080 | D:2      | Found a runed translucent door.
  1080 | D:2      | Found the +5 demon whip "Spellbinder" {antimagic, disrupt,
                  | Will+}
  1081 | D:2      | Noticed Crazy Yiuf
  1161 | D:2      | Reached XP level 4. HP: 22/26 MP: 5/5
  1432 | D:2      | Reached skill level 4 in Ranged Weapons
  1812 | D:2      | 1812 ||| UPGRADING to +0 ring mail.
  1822 | D:2      | 1822 ||| DROPPING +0 robe.
  1823 | D:2      | 1823 ||| READING scroll labelled IGUEME WARUN.
  1824 | D:2      | 1824 ||| READING scroll labelled JINUGO SYSI.
  1825 | D:2      | 1825 ||| DRINKING 2 fuming golden potions.
  1842 | D:3      | Noticed Ijyb
  1847 | D:3      | Noticed Natasha
  1848 | D:3      | HP: 6/26 [constriction (6)]
  1849 | D:3      | 1849 ||| DRINKING potion of heal wounds.
  1854 | D:3      | HP: 6/26 [constriction (4)]
  1855 | D:3      | Killed Ijyb
  1855 | D:3      | Slain by an orc

Levels and vault maps discovered:
D:1:      sevenhm_arrival_forest_fort_small_3, layout_basic,
          nicolae_grassy_gnolls
D:2:      minmay_inner_zag, layout_loops_ring, minmay_indecisive_spiral,
          uniq_crazy_yiuf_cottage
D:3:      minmay_evil_eye, layout_rooms, chequers_serial_rivers_small_a,
          hangedman_abyss_or_decor_stabs, minmay_shallow_snake_nest,
          uniq_natasha, uniq_ijyb

Skill      XL: |  1  2  3  4 |
---------------+-------------+-----
Ranged Weapons | 3 4 |  4.3
Fighting       | 2 |  2.0
Dodging        | |  1.5
Spellcasting   | |  1.0
Hexes          | |  2.6

Action                     |  1- 3 |  4- 6 || total
---------------------------+-------+-------++-------
   Fire: Sling             |    93 |    45 ||   138
    Use: Scroll            |     3 |     2 ||     5
         Potion            |     1 |     2 ||     3
 Armour: Robe              |    10 |     5 ||    15
         Ring mail         |       |     5 ||     5
  Dodge: Dodged            |    22 |    17 ||    39

Table legend:
 A = Non-vault XP
 B = Vault XP
 C = Vault XP percentage of total XP
 D = Non-vault monster count
 E = Vault monster count
 F = Vault count percentage of total count
                 A         B        C        D         E       F
            +---------+---------+-------+---------+---------+-------
      Total |     102 |      63 |  38.2 |      28 |      10 |  26.3
            +---------+---------+-------+---------+---------+-------
        D:1 |      18 |      15 |  45.5 |      10 |       1 |   9.1
        D:2 |      84 |      13 |  13.4 |      18 |       8 |  30.8
        D:3 |       0 |      35 | 100.0 |       0 |       1 | 100.0
            +---------+---------+-------+---------+---------+-------
